 Dungeon Crawl Stone Soup version 0.28.0 (webtiles) character file.

Game seed: 18355189436167036569

10 Jerry the Skirmisher (level 2, 0/25 HPs)
             Began as a Demigod Fighter on Feb 9, 2022.
             Slain by a kobold (2 damage)
             ... on level 1 of the Dungeon.
             The game lasted 00:00:29 (129 turns).

Jerry the Skirmisher (Demigod Fighter)               Turns: 129, Time: 00:00:29

Health: 0/25       AC:  6    Str: 17    XL:     2   Next: 0%
Magic:  4/4        EV:  9    Int: 10    God:
Gold:   16         SH:  4    Dex: 13    Spells: 1/1 levels left

rFire   . . .      SeeInvis .   a - +0 flail
rCold   . . .      Faith    .   c - +0 buckler
rNeg    . . .      Spirit   .   b - +0 scale mail
rPois   .          Reflect  .   (no helmet)
rElec   .          Harm     .   (no cloak)
rCorr   .          Rampage  .   (no gloves)
Will    .....                   (no boots)
Stlth   ..........              (no amulet)
HPRegen 0.08/turn               (no ring)
MPRegen 0.09/turn               (no ring)

@: mighty
A: high MP 1, forlorn, divine attributes
a: no special abilities


You were on level 1 of the Dungeon.
You visited 1 branch of the dungeon, and saw 1 of its levels.

You collected 16 gold pieces.

Inventory:

Hand Weapons
 a - a +0 flail (weapon)
Armour
 b - a +0 scale mail (worn)
 c - a +0 buckler (worn)
Scrolls
 e - a scroll of fog {unknown}


   Skills:
 + Level 2.8 Fighting
 + Level 2.0 Maces & Flails
 + Level 2.8 Armour
 + Level 2.8 Shields


You had one spell level left.
You didn't know any spells.
Your spell library was empty.

Dungeon Overview and Level Annotations

Branches:
Dungeon (1/15)


Innate Abilities, Weirdness & Mutations

You have an increased reservoir of magic. (+10% MP)
You shall have no god before yourself.
Your divine heritage dramatically boosts your attributes as you level up.


Message History

You block the ball python's attack. The ball python constricts you.
The kobold hits you with a +2 dagger of speed.
* * * LOW HITPOINT WARNING * * *
You escape the ball python's grasp.
The goblin hits you but does no damage. The goblin hits you but does no damage.
The ball python barely misses you. The ball python closely misses you.
The kobold hits you with a +0 club.
* * * LOW HITPOINT WARNING * * *
The ball python bites you but does no damage.
The ball python closely misses you. The ball python closely misses you.
The ball python grabs you. The ball python constricts you.
You escape the ball python's grasp.
You feel very mighty all of a sudden. The ball python barely misses you. x2
You thump the ball python!
You kill the ball python!
You barely miss the kobold. The kobold hits you with a +0 club.
* * * LOW HITPOINT WARNING * * *
You hit the kobold but do no damage. The kobold closely misses you.
The kobold hits you but does no damage.
You sock the kobold!
You kill the kobold!
You have reached level 2!
You barely miss the goblin. You block the goblin's attack.
You hit the goblin.
The goblin is heavily wounded.
The goblin closely misses you. The goblin hits you with a +0 club.
* * * LOW HITPOINT WARNING * * *
You barely miss the goblin.
The goblin is moderately wounded.
The goblin barely misses you.
You barely miss the goblin.
The goblin is moderately wounded.
The goblin hits you but does no damage.
You sock the goblin!
You kill the goblin!
The kobold hits you with a +2 dagger of speed.
You die...

##..##........
#...##........
#..#######'''#
#..#o#........
#..###..8.###. .
#..#≈......... ...
#..#§§§.......
.....######..#§≈≈.......
.......@KKl..#§§§§.≈.§§§
.....######..#≈≈§≈≈§≈.≈§
... #..#≈≈§§≈≈§<≈§ .
#####..###########
........K..l.......
........l.K....$...
.......#####.#.....
......## #.#..... ...>..
#.......


You could see 2 kobolds and a frilled lizard.

Vanquished Creatures
  2 endoplasms (D:1)
  3 goblins (D:1)
  2 hobgoblins (D:1)
  A kobold (D:1)
  A ball python (D:1)
9 creatures vanquished.

Notes
Turn   | Place    | Note
-------+----------+-------------------------------------------
     0 | D:1      | Jerry the Demigod Fighter began the quest for the Orb.
     0 | D:1      | Reached XP level 1. HP: 18/18 MP: 3/3
   125 | D:1      | Reached XP level 2. HP: 4/25 MP: 4/4
   129 | D:1      | Slain by a kobold

Illustrated notes

Levels and vault maps discovered:
D:1:      lordsloth_arrival_two_stooges, layout_rooms,
          ebering_ecumenical_altar_hall

Skill      XL: |  1 |
---------------+----+-----
Maces & Flails | 2 |  2.0
Fighting       | |  2.8
Armour         | |  2.8
Shields        | |  2.8

Action                   || total
-------------------------++-------
Melee: Flail             ||    26
  Use: Potion            ||     1
Armor: Scale mail        ||    24
Dodge: Dodged            ||    17
Block: Buckler           ||     8
